 Dungeon Crawl Stone Soup version 0.20-a0-1000-g0e8f6bb (webtiles) character file.

121 Monsterracer the Conjurer (level 4, -13/24 HPs)
             Began as a Deep Elf Conjurer on Apr 12, 2017.
             Mangled by Hybris's ghost (15 damage)
             ... on level 3 of the Dungeon.
             The game lasted 00:07:42 (2414 turns).

Monsterracer the Conjurer (Deep Elf Conjurer)       Turns: 2414, Time: 00:07:43

Health: -13/24     AC:  3    Str:  5    XL:     4   Next: 77%
Magic:  4/12       EV: 13    Int: 21    God:
Gold:   108        SH:  0    Dex: 15    Spells: 2/12 levels left

rFire    . . .     SeeInvis .   k - +0 dagger
rCold    . . .     Gourm    .   (no shield)
rNeg     . . .     Faith    .   a - +0 robe
rPois    .         Spirit   .   j - +0 helmet
rElec    .         Reflect  .   (no cloak)
rCorr    .         Harm     .   (no gloves)
MR       .....                  (no boots)
Stlth    ++........             l - amulet of regeneration
Regen    0.5/turn               (no ring)
MPRegen  0.2/turn               (no ring)

@: no status effects
A: no striking features
a: no special abilities


You were on level 3 of the Dungeon.
You were not hungry.

You visited 1 branch of the dungeon, and saw 3 of its levels.

You collected 108 gold pieces.

Inventory:

Hand Weapons
 k - a +0 dagger (weapon)
Armour
 a - a +0 robe (worn)
 j - a +0 helmet (worn)
Jewellery
 l - an amulet of regeneration (around neck)
 m - a +2 amulet of reflection
 p - an uncursed amulet of magic regeneration {unknown}
Scrolls
 e - 3 scrolls of recharging
 g - a scroll of blinking {unknown}
 h - a scroll of fear
 n - a scroll of enchant weapon {unknown}
Potions
 o - a potion of flight {unknown}
Books
 b - a book of Conjurations

   Spells                             Type                      Level
   a - Magic Dart                     Conjuration                  1
   b - Searing Ray                    Conjuration                  2
   c - Dazzling Spray                 Conjuration/Hexes            3
   d - Fulminant Prism                Conjuration/Hexes            4
   e - Force Lance                    Conjuration/Translocation    4
   f - Iskenderun's Mystic Blast      Conjuration                  4
Comestibles
 c - 2 bread rations
 d - 2 meat rations
 f - 2 royal jellies
 i - a fruit


   Skills:
 - Level 2.4 Dodging
 - Level 2.4 Stealth
 + Level 4.5 Spellcasting
 * Level 6.1 Conjurations


You had 2 spell levels left.
You knew the following spells:

 Your Spells              Type           Power        Failure   Level  Hunger
a - Magic Dart            Conj           ####         1%          1    None
b - Searing Ray           Conj           ####..       1%          2    #......
c - Dazzling Spray        Conj/Hex       ###...       12%         3    ##.....
d - Iskenderun's Mystic   Conj           ####....     12%         4    ####...


Dungeon Overview and Level Annotations

Branches:
Dungeon (3/15)

Altars:
Ashenzari
Hepliaklqana
Trog
The Shining One

Annotations:
D:3 Hybris's ghost, novice HuFi


Message History

Hybris's ghost hits you!
Ouch! That really hurt!
The searing ray hits Hybris's ghost.
Hybris's ghost is heavily damaged.
You finish channeling your searing ray.
Hybris's ghost hits you.
Casting: Searing Ray
Confirm with . or Enter, or press ? or * to list all spells.
Aiming: Searing Ray
Press: ? - help, Shift-Dir - straight line, f/p - Hybris's ghost
Aim: Hybris's ghost (heavily damaged)
The searing ray hits Hybris's ghost.
Hybris's ghost is heavily damaged. (Press . to maintain the ray.) Hybris's ghost hits you!
* * * LOW HITPOINT WARNING * * *
The searing ray hits Hybris's ghost.
Hybris's ghost is heavily damaged.
Hybris's ghost hits you!
Ouch! That really hurt!
You die...

. ..) #######
.....##############......
.....'.W@................
.....##############......
#.# ###...... #........
#.#.#.### #.#.#.# #.#.#.#
#.#.#.# #.#.#.#


You could see Hybris's ghost.

Vanquished Creatures
  3 adders (D:2)
  4 worms (D:2)
  3 dart slugs (D:1)
  7 orcs (D:3)
  4 giant cockroaches
  7 hobgoblins
  4 jackals (D:1)
  2 quokkas (D:2)
  A ball python (D:2)
  6 bats
  2 frilled lizards
  7 goblins
  11 kobolds
  7 rats
68 creatures vanquished.

Notes
Turn   | Place    | Note
-------+----------+-------------------------------------------
     0 | D:1      | Monsterracer the Deep Elf Conjurer began the quest for the Orb.
     0 | D:1      | Reached XP level 1. HP: 10/10 MP: 6/6
   221 | D:1      | Reached XP level 2. HP: 15/15 MP: 4/8
   259 | D:1      | Learned a level 2 spell: Searing Ray
   317 | D:1      | Reached skill level 5 in Conjurations
   586 | D:1      | Reached XP level 3. HP: 19/19 MP: 7/10
   615 | D:1      | Learned a level 3 spell: Dazzling Spray
  1422 | D:2      | Reached XP level 4. HP: 24/24 MP: 4/12
  1487 | D:2      | Learned a level 4 spell: Iskenderun's Mystic Blast
  1975 | D:2      | Reached skill level 6 in Conjurations
  2083 | D:2      | Found a glowing golden altar of the Shining One.
  2185 | D:3      | Found a bloodstained altar of Trog.
  2298 | D:3      | Found a shattered altar of Ashenzari.
  2301 | D:3      | Found a hazy altar of Hepliaklqana.
  2304 | D:3      | Found a glowing golden altar of the Shining One.
  2405 | D:3      | Noticed Hybris's ghost (novice HuFi)
  2414 | D:3      | Mangled by Hybris's ghost

Vault maps used:
D:1:      lemuel_arrival_broad_hall, minmay_pentomino_r4
D:2:      nicolae_tso_swordbearing_angel
D:3:      elyvilon_altar_4, grunt_temple_overflow_diamond, trog_butcher_becter,
          uniq_grinder

Skill      XL: |  1  2  3  4 |
---------------+-------------+-----
Conjurations   | 5 6 |  6.1
Spellcasting   | 4 |  4.5
Dodging        | |  2.4
Stealth        | |  2.4

Action                   |  1- 3 |  4- 6 || total
-------------------------+-------+-------++-------
 Cast: Magic Dart        |    89 |    41 ||   130
       Searing Ray       |     1 |     4 ||     5
       Dazzling Spray    |       |     3 ||     3
  Use: Scroll            |       |     4 ||     4
       Potion            |       |     1 ||     1
  Eat: Chunk             |     1 |     4 ||     5
Armor: Robe              |     1 |     1 ||     2
Dodge: Dodged            |     8 |     3 ||    11
